 Dungeon Sprint DCSS version bcrawl-1.15.1 (webtiles) character file.

Game seed: 127497514263538881

6568 Kerapac the Warrior (level 11, -3/118 HPs)
             Began as a Hill Orc Archaeologist on Oct 3, 2019.
             Was a High Priest of Okawaru.
             Slain by a 14-headed hydra (11 damage)
             ... in the Dungeon (Sprint I: "Red Sonja").
             The game lasted 00:05:52 (1236 turns).

Kerapac the Warrior (Hill Orc Archaeologist)        Turns: 1236, Time: 00:05:53

Health: -3/118     AC:  9    Str: 18    XL:     11   Next: 1%
Magic:  12/19      EV: 15    Int: 14    God:    Okawaru [*****.]
Gold:   825        SH:  0    Dex:  9    Spells: 10/10 levels left

rFire    . . .     SeeInvis +   f - +14 obsidian axe {chop, +Fly SInv *Curse} (curse)
rCold    . . .     Gourm    .   (no shield)
rNeg     . . .     Faith    .   p - +0 troll leather armour
rPois    .         Spirit   .   c - +1 hat
rElec    .         Reflect  .   (no cloak)
rCorr    .         Harm     .   (no gloves)
MR       .....     NoTele   +   d - +1 pair of boots
Stlth    +++.......             (no amulet)
HPRegen  0.69/turn              h - ring of see invisible
MPRegen  0.16/turn              (no ring)

@: heroism, finesse, mesmerised
A: no striking features
a: Heroism, Finesse, Renounce Religion, Evoke Flight


You were in the Dungeon.
You worshipped Okawaru.
Okawaru was extremely pleased with you.
You were not hungry.

You visited 1 branch You collected 825 gold pieces.

Inventory:

Hand Weapons
 a - a +0 whip
 f - the cursed +14 obsidian axe (weapon) {chop, +Fly SInv *Curse}

   It inflicts extra damage upon your enemies.
   It lets you see invisible.
   It lets you fly.
   It curses itself when equipped.
   It has a curse placed upon it.
 n - a +1 dagger of venom
 q - a +4 antimagic rapier
Armour
 b - a +1 robe
 c - a +1 hat (worn)
 d - a +1 pair of boots (worn)
 o - a +0 leather armour of magic resistance
 p - a +0 troll leather armour (worn)
Jewellery
 h - a ring of see invisible (left hand)
Wands
 l - a wand of polymorph (6)
Scrolls
 e - 2 scrolls of enchant armour {unknown}
 m - a scroll of blinking
Potions
 j - a potion of haste
 k - 2 potions of magic
Comestibles
 g - 2 rations {!d}
 i - a chunk of flesh


   Skills:
 * Level 17.7(22.7) Fighting
   Level 17.7(22.7) Short Blades
   Level 17.7(22.7) Long Blades
   Level 17.7(22.7) Axes
   Level 17.7(22.7) Maces & Flails
   Level 17.7(22.7) Polearms
   Level 17.7(22.7) Staves
 + Level 7.9(12.9) Armour
 - Level 2.4(7.4) Dodging
 - Level 2.6(7.6) Stealth
   Level 17.7(22.7) Unarmed Combat
 - Level 11.9 Invocations
 + Level 7.2 Evocations


You had 10 spell levels left.
You didn't know any spells.
Your spell library was empty.

Dungeon Overview and Level Annotations

Branches:
Dungeon (1/1)

Altars:
Cheibriados
Dithmenos
Elyvilon
Fedhas
Gozag
Hepliaklqana
Kikubaaqudgha
Lugonu
Makhleb
Nemelex Xobeh
Okawaru
Qazlal
Ru
Sif Muna
Trog
Uskayaw
Vehumet
Wu Jian
Xom
Yredelemnul
Zin
The Shining One
Jiyva

Shops:
D [


Message History

The 12-headed hydra misses you. The 12-headed hydra bites you!
* * * LOW HITPOINT WARNING * * *
The 12-headed hydra closely misses you. The 12-headed hydra bites you!
* * * LOW HITPOINT WARNING * * *
The 12-headed hydra closely misses you. The 12-headed hydra bites you.
* * * LOW HITPOINT WARNING * * *
The 12-headed hydra bites you!
* * * LOW HITPOINT WARNING * * *
The 12-headed hydra closely misses you.
The 12-headed hydra bites you but does no damage.
Okay, then.
You chop one of the 12-headed hydra's heads off!
The 11-headed hydra grows two more!
You slash the 13-headed hydra!
The 13-headed hydra is heavily wounded.
You slice one of the 13-headed hydra's heads off!
The 12-headed hydra grows two more!
You slice the 14-headed hydra!!
The 14-headed hydra is severely wounded.
Your red devil hits the 14-headed hydra from afar with a +0 trident!!
The 14-headed hydra bites you!
You die...

#####################
).#).#§..§§§§§§4@DG$#
..##'#.####§..§§##§.+
..'.4#.# ##§§§## ##
###§§'§# ###§# #'####
#§# #.4☼ #.. #..○.
##. ###°○. .# °○.# ##


You could see a 14-headed hydra, a floating eye and a friendly red devil.

Vanquished Creatures
  2 centaur warriors (D)
  Sonja (D)
  A deep troll (D)
  A lindwurm (D)
  2 demonic crawlers (D)
  A kobold demonologist (D)
  A slime creature (D)
  Sigmund (D)
  A yak (D)
  12 hogs (D)
  A floating eye (D)
  An ogre (D)
  A jelly (D)
  Ijyb (D)
27 creatures vanquished.

Vanquished Creatures (collateral kills)
  A gargoyle (D)
  A kobold demonologist (D)
  2 demonic crawlers (D)
  A hog (D)
5 creatures vanquished.

Vanquished Creatures (others)
  A gargoyle (D)
1 creature vanquished.

Grand Total: 33 creatures vanquished

Notes
Turn   | Place    | Note
-------+----------+-------------------------------------------
     0 | D        | Kerapac the Hill Orc Archaeologist began the quest for the
                  | Orb.
     0 | D        | Reached XP level 1. HP: 15/15 MP: 1/1
     1 | D        | Noticed Ijyb
    17 | D        | Killed Ijyb
    17 | D        | Reached skill level 4 in Fighting
    17 | D        | Reached XP level 2. HP: 28/28 MP: 2/2
    17 | D        | Reached XP level 3. HP: 34/34 MP: 3/3
   353 | D        | Noticed an ogre
   361 | D        | Killed an ogre
   361 | D        | Reached skill level 8 in Fighting
   361 | D        | Reached XP level 4. HP: 49/49 MP: 4/4
   371 | D        | Noticed Sigmund
   376 | D        | Killed Sigmund
   376 | D        | Reached skill level 11 in Fighting
   376 | D        | Reached XP level 5. HP: 56/60 MP: 5/5
   376 | D        | Reached XP level 6. HP: 64/68 MP: 6/6
   388 | D        | Found a shimmering blue altar of Sif Muna.
   389 | D        | Found an ornate altar of the Wu Jian Council.
   390 | D        | Found a radiant altar of Vehumet.
   397 | D        | Found Baxkis's Antique Armour Emporium.
   397 | D        | Found an ancient bone altar of Kikubaaqudgha.
   397 | D        | Found a hazy altar of Hepliaklqana.
   397 | D        | Found a stormy altar of Qazlal.
   397 | D        | Found a hide-covered altar of Uskayaw.
   397 | D        | Found a blossoming altar of Fedhas.
   397 | D        | Found a bloodstained altar of Trog.
   397 | D        | Found an iron altar of Okawaru.
   397 | D        | Found a basalt altar of Yredelemnul.
   397 | D        | Found a glowing golden altar of the Shining One.
   397 | D        | Found a snail-covered altar of Cheibriados.
   397 | D        | Found a sacrificial altar of Ru.
   397 | D        | Found a glowing silver altar of Zin.
   397 | D        | Found a shadowy altar of Dithmenos.
   397 | D        | Found a white marble altar of Elyvilon.
   397 | D        | Noticed a yak
   399 | D        | Killed a yak
   399 | D        | Reached skill level 12 in Fighting
   400 | D        | Found an opulent altar of Gozag.
   416 | D        | Found a sparkling altar of Nemelex Xobeh.
   421 | D        | Became a worshipper of Warmaster Okawaru
   429 | D        | Noticed Sonja
   435 | D        | Killed Sonja
   435 | D        | Reached * piety under Okawaru
   435 | D        | Reached ** piety under Okawaru
   435 | D        | Reached skill level 14 in Fighting
   435 | D        | Reached XP level 7. HP: 14/82 MP: 7/7
   435 | D        | Reached XP level 8. HP: 15/90 MP: 8/8
   669 | D        | Killed a gargoyle
   785 | D        | Noticed a deep troll
   791 | D        | Killed a deep troll
   791 | D        | Reached skill level 15 in Fighting
   870 | D        | Noticed a centaur warrior
   874 | D        | Noticed a centaur warrior
   880 | D        | Killed a centaur warrior
   880 | D        | Reached *** piety under Okawaru
   880 | D        | Reached XP level 9. HP: 88/99 MP: 13/16
   885 | D        | Killed a centaur warrior
   885 | D        | Reached **** piety under Okawaru
   885 | D        | Reached skill level 16 in Fighting
   901 | D        | Found a burning altar of Makhleb.
   901 | D        | Found a viscous altar of Jiyva.
   901 | D        | Found a shimmering altar of Xom.
   901 | D        | Found a corrupted altar of Lugonu.
   905 | D        | Reached skill level 1 in Armour
   905 | D        | Reached skill level 1 in Evocations
   940 | D        | Noticed a kobold demonologist
   941 | D        | Noticed a kobold demonologist
   942 | D        | Noticed a smoke demon
   947 | D        | Killed a kobold demonologist
   947 | D        | Reached ***** piety under Okawaru
   951 | D        | Killed a kobold demonologist
   951 | D        | Reached XP level 10. HP: 100/108 MP: 18/18
   969 | D        | Reached skill level 5 in Armour
  1049 | D        | Noticed a gargoyle
  1058 | D        | Killed a gargoyle
  1058 | D        | Reached skill level 17 in Fighting
  1058 | D        | Reached skill level 5 in Evocations
  1068 | D        | Noticed a lindwurm
  1074 | D        | Killed a lindwurm
  1201 | D        | Received a gift from Okawaru
  1219 | D        | Reached ****** piety under Okawaru
  1221 | D        | Reached XP level 11. HP: 113/118 MP: 19/19
  1231 | D        | Noticed a 12-headed hydra
  1236 | D        | Slain by a 14-headed hydra

Skill      XL: |  1  2  3  4  5  6  7  8  9 10 |
---------------+-------------------------------+-----
Fighting       | 4 8 11 14 15 16 17 | 17.7
Invocations    | 9 11 | 11.9
Armour         | 3 7 |  7.9
Evocations     | 3 7 |  7.2
Short Blades   | | 17.7
Long Blades    | | 17.7
Axes           | | 17.7
Maces & Flails | | 17.7
Polearms       | | 17.7
Staves         | | 17.7
Dodging        | |  2.4
Stealth        | |  2.6
Unarmed Combat | | 17.7

Action                   |  1- 3 |  4- 6 |  7- 9 | 10-12 || total
-------------------------+-------+-------+-------+-------++-------
Melee: Unarmed           |    13 |       |       |       ||    13
       Dagger            |     7 |       |       |       ||     7
       Broad axe         |       |    10 |    26 |    54 ||    90
       Punch             |       |       |       |     3 ||     3
Invok: Heroism           |       |       |       |     2 ||     2
       Finesse           |       |       |       |     1 ||     1
Evoke: Wand              |       |       |       |     1 ||     1
  Use: Potion            |     1 |     1 |       |     1 ||     3
 Stab: Sleeping          |       |     1 |       |       ||     1
  Eat: Chunk             |       |       |       |     1 ||     1
Armor: Leather armour    |     1 |     4 |       |       ||     5
       Troll leather arm |       |       |     8 |    27 ||    35
Dodge: Dodged            |     7 |     9 |    16 |    60 ||    92
